Map: Data-C

Players

binski

  • Race: Terran Terran
  • Spawn Location: 9:00

trigger - Winner!

  • Race: Protoss Protoss
  • Spawn Location: 3:00

Event: DreamHack SC2 Masters 2022 Atlanta (Offline)

VOD

Have the link to the VOD?

Description

Time

  • Played on: Nov. 18, 2022, 1:13 p.m.
  • Length: 12:21

All games in this series

Show
View Real Time Build Order
Export as new Build Order

binski Terran 

Build Orders:  

Get SALT Encoding   

  12  0:01  SCV  
  13  0:13  SCV  
  14  0:17  Supply Depot  
  14  0:25  SCV  
  15  0:39  SCV  
  15  0:40  Barracks  
  16  0:45  Refinery  
  16  0:51  SCV  
  17  1:03  SCV  
  18  1:15  SCV  
  19  1:28  Reaper, Orbital Command  
  20  1:45  Supply Depot  
  20  1:50  Bunker  
  20  1:54  SCV  
  20  2:00  Marine  
  22  2:04  Factory  
  22  2:08  SCV  
  23  2:18  Command Center  
  23  2:24  Barracks Reactor, SCV  
  24  2:30  Refinery  
  24  2:36  SCV  
  25  2:48  SCV  
  26  2:55  Factory Tech Lab  
  26  3:00  SCV  
  26  3:01  Marine x2  
  29  3:12  SCV  
  30  3:20  Supply Depot  
  30  3:24  SCV  
  30  3:28  Marine  
  30  3:30  Cyclone, Marine  
  30  3:31  Orbital Command  
  35  3:35  Barracks  
  35  3:36  SCV  
  36  3:45  Barracks  
  36  3:46  Marine  
  36  3:47  Marine  
  38  3:48  SCV  
  39  3:56  Orbital Command  
  39  3:59  Engineering Bay  
  39  4:01  SCV  
  40  4:03  Marine  
  40  4:05  Siege Tank  
  44  4:13  SCV  
  45  4:17  Orbital Command  
  45  4:22  Marine x2  
  47  4:24  SCV  
  47  4:25  SCV  
  49  4:32  Barracks Tech Lab  
  49  4:35  Terran Infantry Weapons Level 1  
  49  4:36  Missile Turret  
  49  4:37  SCV  
  51  4:45  Marine  
  52  4:49  SCV x2  
  52  4:50  Starport  
  54  4:56  Stimpack, Combat Shield, Factory Reactor  
  53  5:01  Supply Depot, SCV  
  53  5:02  Supply Depot  
  53  5:06  SCV  
  54  5:11  Missile Turret  
  54  5:13  SCV  
  54  5:17  Bunker  
  54  5:18  Marauder x2  
  54  5:20  Supply Depot, Marine  
  58  5:22  Marine  
  58  5:26  SCV  
  58  5:27  SCV  
  59  5:39  Refinery, SCV x2  
  59  5:41  Marauder x2  
  59  5:42  Marine  
  65  5:44  Marine  
  65  5:48  Factory Reactor  
  67  5:51  SCV  
  67  5:52  Supply Depot  
  67  5:53  SCV  
  67  5:55  Medivac  
  71  5:58  Medivac  
  71  6:03  SCV  
  73  6:05  SCV  
  73  6:06  Marine  
  73  6:07  Refinery, Marine  
  73  6:11  Marauder  
  78  6:16  SCV  
  78  6:17  SCV  
  80  6:19  Concussive Shells  
  80  6:23  Marauder  
  80  6:24  Marine  
  83  6:28  SCV  
  83  6:32  Marauder  
  86  6:35  Medivac  
  86  6:38  SCV  
  86  6:39  Supply Depot  
  89  6:44  Marauder  
  89  6:46  SCV  
  91  6:53  Widow Mine  
  93  6:55  Marauder  
  93  7:00  Widow Mine  
  94  7:02  Terran Infantry Armor Level 1  
  94  7:06  Marauder  
  95  7:10  Command Center  
  95  7:13  Marine  
  95  7:14  Marine  
  97  7:16  Marauder  
  97  7:17  SCV  
  98  7:28  Marauder  
  98  7:29  Widow Mine  
  100  7:30  Marine  
  100  7:32  Marine  
  100  7:33  SCV x2  
  98  7:38  Marauder  
  98  7:42  Widow Mine  
  102  7:44  Medivac  
  102  7:45  SCV  
  102  7:46  Medivac  
  102  7:48  Marine  
  102  7:51  Widow Mine  
  102  7:57  Marauder  
  102  8:00  Marine  
  102  8:02  Marauder  
  102  8:04  Barracks  
  104  8:06  Barracks, Marine  
  105  8:12  Armory  
  105  8:15  Ghost Academy, SCV  
  105  8:17  SCV  
  107  8:27  SCV  
  107  8:28  Supply Depot  
  107  8:32  Marauder x2  
  111  8:35  Marine x2  
  111  8:38  Medivac, Widow Mine x2  
  118  8:42  Medivac  
  118  8:43  SCV x2  
  118  8:46  Supply Depot  
  118  8:47  Orbital Command  
  122  8:54  Marauder x2  
  122  8:55  SCV  
  127  8:58  SCV  
  128  9:03  Enhanced Shockwaves  
  128  9:04  Barracks Reactor, Barracks Tech Lab, Marine x2  
  128  9:05  Supply Depot  
  128  9:07  SCV  
  128  9:09  Supply Depot  
  131  9:10  SCV  
  131  9:15  SCV, Marauder x2  
  137  9:19  SCV  
  137  9:22  SCV  
  136  9:24  Marauder, Marine x2  
  136  9:28  SCV  
  135  9:31  SCV  
  135  9:34  SCV  
  135  9:36  Marauder  
  135  9:37  Marauder  
  140  9:40  SCV  
  140  9:42  Marine x2  
  140  9:44  SCV  
  140  9:45  Ghost  
  144  9:46  SCV  
  144  9:52  SCV  
  143  9:56  Marine x2  
  143  9:57  Ghost x2  
  144  10:01  Marine x2  
  144  10:03  Widow Mine x2  
  147  10:07  Refinery x2  
  147  10:11  Viking  
  145  10:14  Viking, Marauder  
  145  10:24  Marine x2  
  145  10:26  Ghost  
  145  10:28  Supply Depot, Bunker  
  145  10:37  SCV  
  145  10:38  SCV  
  145  10:39  Supply Depot  
  147  10:43  Ghost x2  
  147  10:44  Viking x2  
  147  10:47  Engineering Bay  
  123  11:12  Orbital Command, Marine x2, Marauder x2  
  123  11:14  Viking x2  
  88  11:30  Marauder, Marine x3  
  88  11:34  Marauder x2  
  92  11:41  Starport  
  92  11:42  Orbital Command  
  92  11:44  Viking x2  
  96  11:50  Marine  
  96  11:51  Marauder  
  96  11:53  SCV  
  96  11:54  SCV  
  99  11:55  Marauder  
Show
View Real Time Build Order
Export as new Build Order

trigger Protoss - Winner!

Build Orders: Oracle Opening 

Get SALT Encoding   

  12  0:00  Probe  
  13  0:12  Probe  
  14  0:17  Pylon  
  14  0:24  Probe (Chrono Boost)  
  16  0:36  Probe (Chrono Boost)  
  16  0:37  Gateway  
  16  0:43  Probe (Chrono Boost)  
  16  0:46  Assimilator  
  17  0:50  Probe  
  17  0:55  Assimilator  
  18  1:03  Probe (Chrono Boost)  
  20  1:12  Probe (Chrono Boost)  
  20  1:17  Probe (Chrono Boost)  
  20  1:24  Cybernetics Core  
  21  1:29  Probe  
  21  1:30  Pylon  
  22  1:41  Probe  
  24  1:59  Nexus  
  23  2:03  Stargate  
  23  2:09  Adept  
  23  2:13  Probe  
  26  2:17  Warp Gate  
  26  2:25  Probe  
  27  2:33  Pylon  
  27  2:37  Probe  
  27  2:47  Oracle (Chrono Boost)  
  30  2:55  Probe  
  31  3:03  Adept  
  33  3:07  Probe  
  34  3:14  Oracle (Chrono Boost)  
  34  3:17  Probe  
  38  3:21  Probe (Chrono Boost)  
  39  3:29  Probe (Chrono Boost)  
  41  3:37  Twilight Council  
  41  3:39  Probe (Chrono Boost)  
  41  3:40  Probe (Chrono Boost)  
  42  3:44  Gateway  
  42  3:45  Probe x2 (Chrono Boost)  
  44  3:55  Gateway  
  44  3:56  Probe  
  44  4:02  Probe  
  46  4:04  Stalker  
  46  4:08  Probe, Blink (Chrono Boost)  
  49  4:13  Pylon  
  49  4:20  Probe  
  50  4:25  Probe  
  51  4:31  Stalker  
  51  4:36  Nexus  
  54  4:38  Probe  
  54  4:41  Pylon  
  54  4:47  Stalker  
  54  4:50  Stalker  
  58  4:53  Probe  
  58  4:54  Probe  
  58  4:58  Stalker  
  62  5:03  Assimilator  
  62  5:10  Probe x2  
  62  5:14  Stalker x2  
  68  5:21  Pylon  
  68  5:23  Probe (Chrono Boost)  
  68  5:26  Probe (Chrono Boost)  
  70  5:36  Pylon  
  70  5:41  Probe (Chrono Boost)  
  72  5:43  Probe (Chrono Boost)  
  72  5:45  Stalker x2  
  72  5:48  Probe (Chrono Boost)  
  72  5:49  Gateway  
  78  5:50  Gateway, Probe (Chrono Boost)  
  78  5:55  Charge (Chrono Boost)  
  78  5:57  Gateway, Probe (Chrono Boost)  
  80  5:59  Probe (Chrono Boost)  
  80  6:00  Probe (Chrono Boost)  
  80  6:04  Probe x2 (Chrono Boost)  
  82  6:09  Probe  
  82  6:11  Sentry x2, Forge  
  88  6:15  Probe  
  88  6:16  Pylon  
  89  6:27  Zealot  
  89  6:30  Gateway  
  91  6:34  Gateway  
  91  6:39  Zealot x2  
  95  6:43  Pylon  
  95  6:44  Shield Battery  
  95  6:47  Zealot x3  
  95  6:49  Protoss Ground Armor Level 1 (Chrono Boost)  
  95  6:51  Zealot  
  103  7:03  Robotics Facility  
  103  7:06  Zealot x2, Pylon  
  105  7:09  Zealot x3  
  105  7:13  Zealot  
  109  7:27  Zealot x4  
  110  7:37  Zealot x3  
  110  7:38  Zealot  
  118  7:48  Nexus  
  118  7:49  Zealot x2  
  118  7:50  Zealot  
  118  7:51  Probe x2  
  122  7:55  Robotics Bay, Pylon  
  122  7:57  Pylon  
  114  7:58  Probe  
  114  7:59  Pylon  
  114  8:01  Assimilator  
  114  8:02  Pylon  
  114  8:03  Probe  
  114  8:05  Observer (Chrono Boost)  
  117  8:08  Probe  
  117  8:10  Sentry  
  117  8:11  Sentry  
  122  8:13  Zealot x4  
  122  8:18  Pylon  
  122  8:19  Photon Cannon  
  130  8:22  Photon Cannon, Pylon  
  130  8:25  Shield Battery  
  130  8:37  Protoss Ground Weapons Level 1 (Chrono Boost)  
  130  8:39  Robotics Facility, Colossus (Chrono Boost)  
  130  8:43  Extended Thermal Lance  
  130  8:45  Probe  
  137  8:53  Probe  
  137  8:54  Probe  
  139  8:58  Probe  
  139  9:00  Zealot x4, Photon Cannon  
  148  9:14  Stalker x3  
  154  9:17  Zealot  
  154  9:23  Colossus (Chrono Boost)  
  162  9:24  Colossus (Chrono Boost)  
  162  9:30  Zealot x4  
  164  9:40  Stalker x4  
  154  9:54  Stalker x3  
  156  10:00  Probe x2  
  157  10:15  Zealot x5  
  157  10:17  Warp Prism (Chrono Boost)  
  157  10:20  Templar Archives  
  167  10:25  Observer  
  167  10:26  Zealot x3  
  171  10:31  Gateway  
  171  10:33  Gateway  
  171  10:36  Zealot x4  
  171  10:37  Pylon  
  177  11:07  Zealot x8  
  171  11:17  Colossus (Chrono Boost)  
  156  11:22  Observer  
  156  11:27  Colossus (Chrono Boost)  
  156  11:31  Stalker x5  
  158  11:32  Nexus  
  158  11:33  Zealot x3  
  158  11:36  Probe x2  
  166  11:40  Assimilator  
  164  11:54  Pylon  
  164  11:56  Nexus  
  164  11:57  Probe  
  164  11:58  Probe x3  
  164  11:59  Assimilator, Pylon  
  168  12:02  Zealot x8  
  168  12:03  Zealot x2  
Tags
 
Add a new tag
Caveats
  • Supply blocks, unpowered buildings, or Contaminate may cause inaccurate times.
  • Supply counts are checked every 10 seconds.